Cogmind - Beta 14 @@@ ROGUE MODE // 2024.09.18 @ 14:35:05 Player: ILikeVoltron Result: Destroyed by SJ-134(R) with Subdweller Laser Performance ------------- Evolutions (0) 0 Regions Visited (2) 400 Robots Destroyed (24) 120 Value Destroyed (386) 386 Prototype IDs (0) 0 Alien Tech Used (0) 0 Bonus (0) 0 TOTAL SCORE: 906 Bonus ------- None Cogmind --------- Core Integrity 0/250 Matter 176/300 Energy 240/250 System Corruption 0% Temperature Cool (6) Movement Rolling (95) Ox1 Location -10/Subcaves Parts ------- > --- POWER (1) -------- Ion Engine > --- PROPULSION (2) --- Aluminum Leg Wheel > --- UTILITY (2) ------ Medium Storage Unit Visual Processing Unit > --- WEAPON (2) ------- Beam Cannon > --- INVENTORY (10) --- Flight Unit Sensor Array Signal Interpreter Improved Terrain Scanner Seismic Detector Transport Network Coupler ECM Suite Small Laser Mining Laser Peak State ------------ > --- POWER ------------ Ion Engine > --- PROPULSION ------- Aluminum Leg Aluminum Leg > --- UTILITY ---------- Small Storage Unit Improved Terrain Scanner > --- WEAPON ----------- EM Pulse Gun Assault Rifle > --- INVENTORY -------- Ion Engine Sensor Array Signal Interpreter Seismic Detector ECM Suite Light Armor Plating EM Pulse Gun Mining Laser [Rating: 9] Favorites ----------- Power Ion Engine Engine Ion Engine Propulsion Aluminum Leg Leg Aluminum Leg Wheel Wheel Flight Unit Flight Unit Utility Medium Storage Unit Device ECM Suite Storage Medium Storage Unit Processor Visual Processing Unit Protection Light Armor Plating Weapon EM Pulse Gun Energy Gun EM Pulse Gun Energy Cannon Beam Cannon Ballistic Gun Assault Rifle Ballistic Cannon Light Cannon Special Weapon Mining Laser Build | -11 -10 -10 ------- Run | Yrd Mat Sub Slots Evolved . | . . . Power . | . . . Propulsion . | . . . Utility . | . . . Weapon . | . . . Parts Attached 29 | 1 24 4 Power 1 | . 1 . Engine 1 | . 1 . Core . | . . . Reactor . | . . . Propulsion 6 | . 5 1 Treads . | . . . Leg 3 | . 3 . Wheel 1 | . . 1 Hover . | . . . Flight 2 | . 2 . Utility 12 | 1 11 . Device 8 | 1 7 . Storage 2 | . 2 . Processor 1 | . 1 . Hackware . | . . . Protection 1 | . 1 . Artifact . | . . . Weapon 10 | . 7 3 Energy Gun 1 | . 1 . Energy Cannon 1 | . 1 . Ballistic Gun 1 | . 1 . Ballistic Cannon 4 | . 2 2 Launcher . | . . . Special Weapon 3 | . 2 1 Impact Weapon . | . . . Slashing Weapon . | . . . Piercing Weapon . | . . . Special Melee Weapon . | . . . Unidentified Prototypes . | . . . Parts Lost 7 | . 5 2 Power . | . . . Propulsion 3 | . 2 1 Utility 1 | . 1 . Weapon 3 | . 2 1 Highest Loss Streak 2 | . 2 2 To Critical Strikes 1 | . . 1 Average Slot Usage (%) 94 | . 93 98 Engine 14 | . 14 14 Leg 25 | . 25 27 Flight 1 | . 1 . Device 6 | . 7 . Storage 16 | . 17 14 Processor 2 | . . 14 Protection 1 | . 2 . Energy Gun 6 | . 7 . Energy Cannon 4 | . 3 14 Ballistic Gun 2 | . 2 . Ballistic Cannon 7 | . 7 5 Special Weapon 3 | . 2 7 Peak Build Rating 9 | 8 9 9 Average Rating 7 | 7 7 8 On Entrance 7 | 6 8 9 Naked Turns . | . . . Heaviest Build 23 | 15 23 21 Greatest Support 20 | 20 20 20 Greatest Overweight (x) 6 | . 6 2 Average Overweight (x) . | . . . Largest Inventory Capacity 10 | 8 10 10 Average Capacity 9 | 8 9 10 Most Carried 10 | 8 10 10 Average Carried 8 | 6 8 9 Final Capacity 10 | 8 10 10 Final Carried 10 | 8 10 9 Class Distribution -------------------- 94% | Mutant 5% | Scavenger-Mutant Dominant Class ---------------- Mutant | -10/Materials Mutant | -10/Subcaves Resources | -11 -10 -10 ----------- Run | Yrd Mat Sub Matter Collected 613 | 210 403 . Remotely . | . . . Salvage Created 659 | 215 400 44 Parts 46 | 15 29 2 Haulers Intercepted 2 | . 2 . Recyclers Shooed . | . . . Parts Field Recycled . | . . . Retrieved Matter . | . . . Parts Self-Destructed 2 | . . 2 Prevented . | . . . Kills | -11 -10 -10 ------- Run | Yrd Mat Sub Combat Hostiles Destroyed 10 | . 9 1 Guns 4 | . 4 . Cannons 6 | . 5 1 Classes Destroyed 9 | 3 5 1 Worker 4 | 2 2 . Tunneler 5 | 4 1 . Hauler 2 | . 2 . Recycler 1 | 1 . . Operator 1 | . 1 . Watcher 1 | . 1 . Swarmer 3 | . 3 . Grunt 6 | . 6 . Sentry 1 | . . 1 Best Kill Streak 3 | 3 3 1 Combat Bots Only 3 | . 3 1 Max Kills in Single Turn 1 | 1 1 1 Gunslinging . | . . . Exploded . | . . . Melee . | . . . Uniques/NPCs Destroyed . | . . . Combat | -11 -10 -10 -------- Run | Yrd Mat Sub Hostile Shots Fired 150 | . 127 23 Missed 40 | . 33 7 Damage Taken 1374 | . 1064 310 Core 252 | . 230 22 Absorbed by Shields . | . . . Regen/Repaired (Parts) 105 | . 105 . Core Remaining (%) 100 | 100 . . Volleys Fired 121 | 13 94 14 Largest 2 | 2 2 2 Hottest 100 | 80 100 100 Shots Fired 162 | 26 112 24 Gun 72 | 26 46 . Cannon 64 | . 44 20 Launcher . | . . . Special 26 | . 22 4 Kinetic 80 | . 70 10 Thermal 50 | . 36 14 Explosive . | . . . Electromagnetic 32 | 26 6 . Robot Hit Streak 12 | 8 12 6 Robot Miss Streak 3 | 3 3 1 Penetration Max . | . . . Secondary Targets . | . . . Shots Hit Robots 84 | 15 54 15 Core Hits 30 | 8 19 3 Critical Kills . | . . . Critical Parts Destroyed . | . . . Critical Strikes 3 | 1 2 . Blast 2 | . 2 . Corrupt 1 | 1 . . Melee Attacks . | . . . Impact . | . . . Slashing . | . . . Piercing . | . . . Sneak Attacks . | . . . Combat Hostiles . | . . . Follow-up Attacks . | . . . Damage Inflicted 1346 | 263 825 258 Guns 581 | 181 400 . Cannons 679 | . 421 258 Explosions 82 | 82 . . Melee . | . . . Ramming 4 | . 4 . Kinetic 794 | . 676 118 Thermal 313 | 82 91 140 Explosive . | . . . Electromagnetic 235 | 181 54 . Impact . | . . . Slashing . | . . . Piercing . | . . . Highest Corruption . | . . . Average Corruption . | . . . Corruption Purged . | . . . Corruption Blocked . | . . . Overload Shots . | . . . Overflow Damage 30 | 3 27 . Projectiles 27 | . 27 . Explosions 3 | 3 . . Melee . | . . . Knockbacks 7 | . 5 2 Impact . | . . . Kinetic 6 | . 4 2 Secondary 1 | . 1 . Self-Inflicted Damage . | . . . Shots . | . . . Rammed . | . . . Targets Rammed 1 | . 1 . Kicked 1 | . 1 . Crushed . | . . . Highest Temperature 115 | 72 115 . Average Temperature 32 | 26 33 . Received Heat Transfer 525 | . 444 81 Siege Activations . | . . . Robots Corrupted . | . . . Combat Hostiles . | . . . Parts Fried 2 | 2 . . Impact Corruptions . | . . . Robots Melted . | . . . Combat Hostiles . | . . . Parts Melted . | . . . Heat Transferred 545 | 50 199 296 Parts Sabotaged . | . . . Parts Stolen . | . . . Parts Stripped . | . . . Power Chain Reactions 2 | 2 . . Alert | -11 -10 -10 ------- Run | Yrd Mat Sub Peak Influence 189 | 35 189 . Initial 22 | . 22 . Average 67 | 16 74 . Maximum Alert Level . | . . . Low Security (%) 100 | 100 100 . Level 1 . | . . . Level 2 . | . . . Level 3 . | . . . Level 4 . | . . . Level 5 . | . . . High Security . | . . . Max Security . | . . . Squads Dispatched 3 | . 3 . Investigation . | . . . Extermination . | . . . Reinforcement 3 | . 3 . Assault . | . . . Garrison . | . . . Intercept . | . . . Searches Triggered . | . . . Construction Impeded . | . . . Haulers Reinforced . | . . . Active Scanning Responses . | . . . Cargo Convoy Interrupts . | . . . Stealth | -11 -10 -10 --------- Run | Yrd Mat Sub Distress Signals 1 | . 1 . Communications Jammed . | . . . Distress Signals . | . . . Times Spotted 27 | . 25 2 Peak Tracking Total 3 | . 3 1 Tactical Retreats 5 | . 5 . Traps | -11 -10 -10 ------- Run | Yrd Mat Sub Traps Triggered . | . . . Indirectly . | . . . Trap Hack Attempts . | . . . Triggered . | . . . Disarmed . | . . . Reprogrammed . | . . . Reused . | . . . Traps Extracted . | . . . Installed . | . . . Triggered . | . . . Machines | -11 -10 -10 ---------- Run | Yrd Mat Sub Machines Disabled . | . . . Max in Single Turn . | . . . Machines Repaired . | . . . Machines Dismantled . | . . . Machines Sabotaged . | . . . Overloaded Fab Kills . | . . . Hacking | -11 -10 -10 --------- Run | Yrd Mat Sub Machines Accessed 9 | . 9 . Terminals 7 | . 7 . Fabricators . | . . . Repair Stations 1 | . 1 . Recycling Units 1 | . 1 . Scanalyzers . | . . . Garrison Access . | . . . Total Hacks 20 | . 20 . Successful 15 | . 15 . Failed 5 | . 5 . Catastrophic . | . . . Database Lockouts . | . . . Manual 13 | . 13 . Terminals 16 | . 16 . Fabricators . | . . . Repair Stations 2 | . 2 . Recycling Units 2 | . 2 . Scanalyzers . | . . . Garrison Access . | . . . Terminal Hacks 3 | . 3 . Emergency Access Points 1 | . 1 . Terminal Index 1 | . 1 . Locate Traps 1 | . 1 . Fabricator Hacks . | . . . Repair Station Hacks 2 | . 2 . Scan Component 1 | . 1 . Repair 1 | . 1 . Recycling Unit Hacks 2 | . 2 . Report Inventory 1 | . 1 . Retrieve Components 1 | . 1 . Scanalyzer . | . . . Garrison Access Hacks . | . . . Unauthorized Hacks 8 | . 8 . Terminals 8 | . 8 . Assimilate 1 | . 1 . Skim 7 | . 7 . Fabricators . | . . . Repair Stations . | . . . Recycling Units . | . . . Scanalyzers . | . . . Garrison Access . | . . . Data Cores Recovered 1 | . 1 . Used . | . . . Hacking Detections 7 | . 7 . Full Trace Events . | . . . Feedback Events . | . . . Feedback Blocked . | . . . Robot Schematics Acquired . | . . . Robots Built . | . . . Authchips . | . . . Time . | . . . Total Robot Build Rating . | . . . Part Schematics Acquired . | . . . Parts Built . | . . . Authchips . | . . . Time . | . . . Total Part Build Rating . | . . . Parts Repaired 1 | . 1 . Time 26 | . 26 . Parts Recycled . | . . . Recycled Matter . | . . . Retrieved Matter . | . . . Retrieved Components 5 | . 5 . Parts Scanalyzed . | . . . Part Schematics Acquired . | . . . Parts Damaged . | . . . Bothacking | -11 -10 -10 ------------ Run | Yrd Mat Sub Used RIF Installer . | . . . Robots Hacked . | . . . Non-combat . | . . . Combat . | . . . Robot Hacks Applied . | . . . Relay Couplers Released . | . . . Fabnet Peak Effective % . | . . . Robots Rewired . | . . . Allies Hacked . | . . . Hacks Repelled . | . . . Allies | -11 -10 -10 -------- Run | Yrd Mat Sub Total Allies . | . . . Largest Group . | . . . Highest-Rated Group . | . . . Highest-Rated Ally . | . . . Total Orders . | . . . Ally Attacks . | . . . Total Damage . | . . . Kills . | . . . Allies Corrupted . | . . . Allies Melted . | . . . Intel | -11 -10 -10 ------- Run | Yrd Mat Sub Robot Analysis Total . | . . . Derelict Logs Recovered . | . . . Drone Launches . | . . . Drone Recoveries . | . . . Exploration | -11 -10 -10 ------------- Run | Yrd Mat Sub Turns Passed 1670 | 185 1301 184 Spaces Moved 719 | 59 571 89 Core 3 | . 3 . Treads . | . . . Legs 686 | 59 538 89 Wheels . | . . . Hover . | . . . Flight 30 | . 30 . Fastest Speed 120 | 120 120 120 Average Speed 140 | 120 142 142 Slowest Speed 440 | 120 440 260 Overloaded Moves . | . . . Propulsion Burnouts . | . . . Robots Hopped . | . . . Cave-ins Triggered . | . . . Exploration Rate (%) 33 | 7 86 8 Regions Visited 2 Branch Regions 1 Pre-discovered Areas 2 | . 1 1 Known Exits Taken 1 | . 1 . Unknown Exits Taken 1 | 1 . . Scrap Searched . | . . . Spaces Dug 19 | . 19 . Terrain Destroyed 26 | 7 19 . Melee . | . . . Projectile 19 | . 19 . AOE 7 | 7 . . Terrain Rammed . | . . . Walls Destroyed . | . . . Machines Disabled . | . . . Actions | -11 -10 -10 --------- Run | Yrd Mat Sub Total 1158 | 147 899 112 Wait 260 | 71 184 5 Move 717 | 58 570 89 Hop . | . . . Pick Up 14 | 3 11 . Fast Attach 10 | 1 9 . Attach 3 | . 2 1 Detach 1 | . 1 . Swap 16 | . 13 3 Drop 15 | 1 14 . Fire 121 | 13 94 14 Melee . | . . . Ram . | . . . Kick 1 | . 1 . Crush . | . . . Escape Stasis . | . . . Rewire . | . . . Trap . | . . . Miscellaneous . | . . . Route ------- -11/Scrapyard -10/Materials (discovered 5 exits: *Mat x3 / Min / *Sub) -10/Subcaves (discovered 2 exits: Mat / Rec) History --------- Turn | Location | Event 12 | -11/Scrapyard | Discovered new exit (range 2) 186 | -11/Scrapyard | Entered Materials 308 | -10/Materials | Build established: Mutant 702 | -10/Materials | Core integrity fell below 50% 705 | -10/Materials | Discovered new exit (range 14) 845 | -10/Materials | Discovered new exit (range 12) 869 | -10/Materials | Core integrity fell below 20% 910 | -10/Materials | Learned location of 2 exits from Subcaves 964 | -10/Materials | Learned 2 Storage zone layouts 975 | -10/Materials | Repaired Lgt. Cannon 1044 | -10/Materials | Learned location of 1 exit from Recycling 1068 | -10/Materials | Identified exit to Materials 1068 | -10/Materials | Identified exit to Subcaves 1068 | -10/Materials | Identified exit to Mines 1101 | -10/Materials | Learned location of 2 exits from Materials 1487 | -10/Materials | Entered Subcaves 1488 | -10/Subcaves | Identified exit to Recycling 1488 | -10/Subcaves | Identified exit to Materials 1493 | -10/Subcaves | Learned location of Zion (-7) 1493 | -10/Subcaves | Met a Zionite searching for "candidates" 1671 | -10/Subcaves | Destroyed by SJ-134(R) with Subdweller Laser Last Messages --------------- 01461_ Acquired 4 matter. 01467_ Acquired 14 matter. 01471_ Dropped Mining Laser. 01471_ Acquired Mining Laser. LOCATION=SUBCAVES AMBIENT_HEAT=-10 GOAL=ESCAPE Loading 2 Subcaves exits... 01492_ 2V-N41(z): "She is not going to be happy we haven't found any suitable candidates yet." 01493_ 2V-N41(z): "Hey you! It's really dangerous down here, I feel that you could die at any moment. For your health and safety might I suggest a trip to Zion?" World map updated: -7/Zion. 01517_ Y-45 Defender destroyed. 01521_ Subatomizers dissect the Lgt. Treads. 01525_ Imp. Ion Engine fries itself beyond repair. 01526_ Lgt. Treads fries itself beyond repair. 01654_ SJ-134(R) knocked back. 01663_ Critical hit (Destroy). 01663_ Aluminum Leg destroyed. 01669_ Lgt. Cannon destroyed. Map ----- +----------------------------------------------------+ | ?????????????????????????????????### ###?????????? | | ?????????????????????????????????# #????????? | | ?????????????????????????????????# % #????#### | | ?????????????????????????????????# %% ##?## | | ?????????????????????????????????# #?# | | ???????????????????????????# #### #?# | | ???????????????????????????# ### | | ???????????????????????????# | | ???????????????????????????# ## # # # | | ???????????????????????????????????# #### | | ???????????????????????????????????# ????# ## | | ?????????????????????????????????????????# ### | | ????????????????????????????####?????????# ?## | | ????????????????????????????# #?????????## #??# | | ???????????????????????????## #????###???# #??# | | ???????????????????????????# ##??## ##### #??## | | ???????????????????????????# #?## ## ##### | | ????????????????????????#### ### ## ## # | | ????????????????????????# ## | | ????????????????????????## | | ??????????????????????#### ### | | ??????????????????????# R % #?## | | ??????????????????????# #??# ## | | ??????????????????????## % #??# ### | | ???????????????????????## ###### #### ## | | ???????????????????????# @ #???# " ### | | ???????????????????????## ##???# " ## ## | | ????????????????????????####????## ##### # | | ?????????????????????????????????# & ??# ## | | ????????????????????????????????# " "# ??#######? | | ??????????????????????????????? # #????????? | | ?????????????????????????????? # " ?????????? | | ????????????????????????????? ? #????????? | | ????????????????????????????# #"?##????????? | | ????????????????????????????# ###### ???????????? | | ????????????????????????????## ?????# ???????????? | | ?????????????????????????????#??????""???????????? | | ?????????????????????????????????????????????????? | | ?????????????????????????????????????????????????? | | ?????????????????????????????????????????????????? | | ?????????????????????????????????????????????????? | | ?????????????????????????????????????????????????? | | ?????????????????????????????????????????????????? | | ?????????????????????????????????????????????????? | | ?????????????????????????????????????????????????? | | ?????????????????????????????????????????????????? | | ?????????????????????????????????????????????????? | | ?????????????????????????????????????????????????? | | ?????????????????????????????????????????????????? | | ?????????????????????????????????????????????????? | +----------------------------------------------------+ Best States ------------- Heat Dissipation 25 Energy Generation 10 Energy Capacity 250 Matter Stores 300 Matter Capacity 400 Sight Range 18 Robot Scan Range 14 Terrain Scan Range 16 Terrain Scan Density 10 ECM Strength 1 Armor Coverage 150 Evasion (%) 55 Item Schematics ----------------- None Robot Schematics ------------------ None Fabricated ------------ Nothing Alien Tech Used ----------------- None Achievements -------------- None Challenges ------------ None Game ------ Seed WarpMissileTriangulator Manual? 0 Play Time 00:23:44 Cumulative 169.0 hours Start 2024.09.18 @ 14:12:50 End 2024.09.18 @ 14:35:05 Sessions 1 Manual Loads 0 Difficulty Rogue Special Mode None Game No. 306 Rogue 302 Adventurer 0 Explorer 4 Win Type - Total 0 Types 0/0/0/0/0/0/0/0/0 Lore% 21 Gallery% 46 Achievement% 35 Wizard Run 0 Options --------- Layout 1 ASCII 0 Keyboard 1 Movement Arrows Keybinds 0 Fullscreen 1 Font 32/SmallcapsGlow Map View 130x35 Zoom Use 0% Tactical HUD 1 Map Filters NONE Filters NONE Steam 0 RUN: 0160920f-1349-4f95-9021-fa5610167748